 Dungeon Crawl Stone Soup version 0.29-a0-334-gb41bcbb86e (webtiles) character file.

Game seed: 6804895350931494688

107 dolemite99 the Chopper (level 4, 0/39 HPs)
             Began as a Minotaur Fighter on Apr 16, 2022.
             Succumbed to a gnoll's poison
             ... on level 3 of the Dungeon.
             The game lasted 00:01:32 (1996 turns).

dolemite99 the Chopper (Minotaur Fighter)           Turns: 1996, Time: 00:01:32

Health: 0/39       AC:  7    Str: 23    XL:     4   Next: 57%
Magic:  3/3        EV:  8    Int:  5    God:
Gold:   113        SH:  8    Dex:  9    Spells: 3/3 levels left

rFire   . . .      SeeInvis .   a - +0 war axe
rCold   . . .      Faith    .   p - +0 kite shield
rNeg    . . .      Spirit   .   b - +0 scale mail
rPois   .          Reflect  .   f - +1 hat
rElec   .          Harm     .   (no cloak)
rCorr   .          Rampage  .   (no gloves)
Will    .....                   (no boots)
Stlth   ..........              g - amulet of the acrobat
HPRegen 0.13/turn               (no ring)
MPRegen 0.08/turn               (no ring)

@: mighty, brilliant, lethally poisoned (0 -> -4), attractive, flying, invisible
A: horns 2, retaliatory headbutt
a: no special abilities


You were on level 3 of the Dungeon.
You visited 1 branch of the dungeon, and saw 3 of its levels.

You collected 113 gold pieces.

Inventory:

Hand Weapons
 a - a +0 war axe (weapon)
 n - a +0 hunting sling
Missiles
 o - 21 stones (quivered)
Armour
 b - a +0 scale mail (worn)
 c - a +0 buckler
 f - a +1 hat (worn)
 p - a +0 kite shield (worn)
Jewellery
 g - an amulet of the acrobat (around neck)
Scrolls
 j - 2 scrolls of noise {unknown}
 k - a scroll of identify {unknown}
 l - a scroll of silence {unknown}


   Skills:
 - Level 3.6 Fighting
 + Level 5.9 Axes
 - Level 3.6 Armour
 - Level 3.6 Shields


You had 3 spell levels left.
You didn't know any spells.
Your spell library contained the following spells:

 Spells                   Type           Power      Damage    Failure   Level
 Magic Dart               Conj           0%         1d3       99%         1
 Searing Ray              Conj           0%         2d4       99%         2
 Stone Arrow              Conj/Erth      0%         3d7       100%        3
 Animate Armour           Summ/Erth      0%         N/A       100%        4
 Fulminant Prism          Conj/Hex       0%         3d6       100%        4
 Lehudib's Crystal Spear  Conj/Erth      0%         10d2      100%        8


Dungeon Overview and Level Annotations

Branches:
Dungeon (3/15)

Altars:
Zin


Innate Abilities, Weirdness & Mutations

You have a pair of horns on your head.
You reflexively headbutt those who attack you in melee.


Message History

You throw a stone.
The stone hits the gnoll but does no damage.
The gnoll is lightly wounded.
You feel very sick. The gnoll barely misses you.
You feel very sick. You block the gnoll's attack.
The gnoll attacks as you move away!
The gnoll hits you with a +1 spear of venom.
You are lethally poisoned!
You feel very sick. The gnoll completely misses you.
There is a stone staircase leading down, spattered with blood here.
* * * LOW HITPOINT WARNING * * *
You feel very sick. You block the gnoll's attack.
You climb downwards.
* * * LOW HITPOINT WARNING * * *
You feel sick.
There is a stone staircase leading up here.
There is a lethal amount of poison in your body!
It was a potion of attraction.
You feel attractive to monsters.
* * * LOW HITPOINT WARNING * * *
You feel very sick.
It was a potion of flight.
You feel very buoyant.
You fly up into the air.
* * * LOW HITPOINT WARNING * * *
You feel sick.
It was a potion of brilliance.
You feel clever all of a sudden.
* * * LOW HITPOINT WARNING * * *
You feel sick.
It was a potion of invisibility.
You fade into invisibility!
* * * LOW HITPOINT WARNING * * *
You feel sick.
You feel very mighty all of a sudden.
You die...

.. .. .# . .#
#. ####
....#.####.....
...............
#@....# #####.#


There were no monsters in sight!

Vanquished Creatures
  4 gnolls (D:2)
  3 adders (D:2)
  6 endoplasms
  2 giant cockroaches (D:1)
  5 goblins
  3 hobgoblins (D:1)
  6 kobolds
  3 quokkas
  4 ball pythons
  5 bats
  2 rats
43 creatures vanquished.

Vanquished Creatures (others)
  24 plants (D:2)
24 creatures vanquished.

Grand Total: 67 creatures vanquished

Notes
Turn   | Place    | Note
-------+----------+-------------------------------------------
     0 | D:1      | dolemite99 the Minotaur Fighter began the quest for the
                  | Orb.
     0 | D:1      | Reached XP level 1. HP: 19/19 MP: 0/0
   120 | D:1      | Reached skill level 3 in Axes
   277 | D:1      | Reached XP level 2. HP: 25/26 MP: 1/1
   598 | D:1      | Reached skill level 4 in Axes
  1057 | D:2      | Reached XP level 3. HP: 29/31 MP: 2/2
  1283 | D:2      | Reached skill level 5 in Axes
  1284 | D:2      | Reached XP level 4. HP: 36/39 MP: 3/3
  1288 | D:2      | Found a glowing silver altar of Zin.
  1995 | D:3      | HP: 1/39 [poisoned by a gnoll]
  1996 | D:3      | Succumbed to a gnoll's poison

Illustrated notes

Levels and vault maps discovered:
D:1:      arrival_zaba_pyramid, layout_basic, hangedman_decor_peaks_small
D:2:      layout_loops_ring, basic_altar, nicolae_grassy_gnolls
D:3:      gammafunk_steamed_eel, layout_basic, nicolae_ru_the_path_less_chosen,
          shapermc_ecumenical_altar_acropolis

Skill      XL: |  1  2  3 |
---------------+----------+-----
Axes           | 3 4 5 |  5.9
Fighting       | |  3.6
Armour         | |  3.6
Shields        | |  3.6

Action                   |  1- 3 |  4- 6 || total
-------------------------+-------+-------++-------
Melee: War axe           |    85 |    20 ||   105
       Headbutt          |     8 |     1 ||     9
Throw: Stone             |       |     7 ||     7
  Use: Potion            |       |     5 ||     5
Armor: Scale mail        |    45 |     5 ||    50
Dodge: Dodged            |    44 |    14 ||    58
Block: Buckler           |    19 |     5 ||    24
       Kite shield       |       |     3 ||     3

Table legend: (Time is in decaauts)
 A = Elapsed time spent in this place.
 B = Non-inter-level travel time spent in this place.
 C = Inter-level travel time spent in this place.
 D = Time resting spent in this place.
 E = Time spent auto-exploring this place.
 F = Levels seen in this place.
 G = Mean time per level.
                   A        B        C        D        E       F      G
               +--------+--------+--------+--------+--------+-----+--------+
         Total |   2031 |   1972 |     59 |    194 |   1410 |   3 |  677.0 |
       Dungeon |   2031 |   1972 |     59 |    194 |   1410 |   3 |  677.0 |
               +--------+--------+--------+--------+--------+-----+--------+

Top non-repeatable levels by time:
     D:1: 1020 daAuts
     D:2: 1006 daAuts
     D:3: 4 daAuts
